Map: Divergencia EE

Players

MrFercho - Winner!

  • Race: Zerg Zerg
  • League: Silver
  • Spawn Location: 5:00

TATORREA - Winner!

  • Race: Protoss Protoss
  • League: Silver
  • Spawn Location: 5:00

RadaRada

  • Race: Protoss Protoss
  • Spawn Location: 11:00

Ilemus

  • Race: Protoss Protoss
  • Spawn Location: 11:00

VOD

Have the link to the VOD?

Description

Time

  • Played on: May 9, 2020, 9:14 p.m.
  • Length: 10:51
Show
View Real Time Build Order
Export as new Build Order

MrFercho Zerg - Winner!

Build Orders: Pool First 

Get SALT Encoding   

  12  0:01  Drone  
  13  0:14  Overlord  
  13  0:18  Drone  
  14  0:28  Extractor  
  13  0:30  Drone  
  13  0:31  Extractor  
  13  0:32  Drone  
  14  0:37  Drone  
  15  0:52  Drone  
  16  1:01  Spawning Pool  
  15  1:06  Drone  
  16  1:12  Drone  
  17  1:20  Drone  
  18  1:38  Drone  
  19  1:45  Hatchery  
  18  1:50  Drone  
  19  1:55  Metabolic Boost  
  19  1:57  Drone  
  20  2:03  Drone  
  21  2:13  Overlord  
  21  2:25  Drone  
  22  2:39  Lair  
  22  2:48  Zergling x4  
  24  3:01  Drone  
  25  3:10  Evolution Chamber  
  24  3:14  Overlord  
  24  3:19  Queen  
  24  3:21  Drone x3  
  29  3:40  Spire  
  28  3:44  Infestation Pit  
  27  3:49  Overseer  
  27  3:54  Pneumatized Carapace  
  27  4:01  Drone x3  
  30  4:12  Drone  
  30  4:13  Drone x2  
  30  4:16  Extractor  
  32  4:19  Extractor  
  31  4:37  Queen, Spire  
  32  4:47  Drone x4  
  32  4:48  Drone  
  35  5:48  Hatchery  
  34  5:53  Hatchery  
  33  5:58  Hatchery  
  33  5:59  Hatchery  
  31  6:06  Extractor  
  31  6:07  Drone x5  
  31  6:08  Drone  
  36  6:11  Extractor  
  36  6:17  Zerg Flyer Armor Level 1, Zerg Flyer Weapons Level 1  
  35  6:41  Zerg Ground Armor Level 1  
  35  6:48  Drone x2  
  35  6:49  Drone x3  
  35  6:50  Drone  
  41  7:17  Mutalisk x2  
  41  7:18  Mutalisk x4  
  53  7:32  Drone  
  53  7:33  Drone x6  
  60  7:50  Mutalisk x2  
  60  7:51  Mutalisk x2  
  68  8:10  Overlord  
  68  8:11  Overlord x2  
  68  8:12  Overlord x2  
  68  8:35  Zerg Missile Weapons Level 1  
  64  9:20  Mutalisk  
  64  9:21  Mutalisk x10  
Show
View Real Time Build Order
Export as new Build Order

TATORREA Protoss - Winner!

Build Orders:  

Get SALT Encoding   

  12  0:01  Probe  
  13  0:30  Probe  
  14  0:40  Pylon  
  14  0:43  Probe  
  15  0:55  Assimilator  
  15  0:58  Probe  
  16  1:13  Probe  
  16  1:17  Gateway  
  17  1:20  Gateway  
  17  1:25  Probe  
  18  1:37  Probe  
  18  1:38  Assimilator  
  19  1:49  Probe  
  19  1:52  Pylon  
  20  2:01  Probe  
  21  2:13  Probe  
  22  2:25  Probe  
  23  2:30  Cybernetics Core  
  23  2:31  Zealot x2  
  27  2:37  Probe  
  28  2:49  Probe  
  29  3:05  Probe  
  30  3:09  Nexus  
  30  3:11  Assimilator  
  30  3:13  Assimilator  
  30  3:17  Probe  
  31  3:22  Warp Gate  
  31  3:32  Pylon  
  31  3:36  Pylon  
  31  3:50  Stalker x2, Probe  
  36  4:08  Probe  
  37  4:20  Probe  
  38  4:25  Forge  
  38  4:27  Stargate  
  38  4:30  Robotics Facility  
  38  4:32  Twilight Council, Probe  
  38  4:36  Probe  
  40  4:44  Probe  
  41  4:56  Probe  
  40  5:33  Oracle  
  41  5:36  Probe  
  42  5:47  Stalker  
  42  5:48  Stalker  
  46  5:53  Immortal  
  50  5:59  Probe  
  50  6:02  Probe  
  52  6:05  Protoss Air Weapons Level 1  
  52  6:11  Pylon, Probe  
  52  6:14  Probe  
  52  6:16  Pylon  
  54  6:20  Pylon  
  54  6:23  Probe  
  54  6:25  Stargate  
  55  6:26  Probe  
  55  6:28  Stargate  
  55  6:31  Stargate  
  56  6:33  Charge  
  56  6:34  Void Ray  
  56  6:36  Probe  
  56  6:38  Protoss Ground Weapons Level 1, Probe  
  62  6:48  Probe  
  62  6:50  Probe  
  61  7:06  Immortal  
  65  7:11  Stalker x2  
  69  7:17  Void Ray  
  73  7:35  Void Ray x2  
  81  7:38  Void Ray  
  85  8:02  Fleet Beacon  
  85  8:13  Nexus  
  85  8:17  Assimilator  
  85  8:20  Assimilator  
  85  8:24  Pylon  
  85  8:28  Pylon  
  85  8:33  Pylon  
  85  8:42  Void Ray  
  85  8:44  Pylon  
  85  8:47  Pylon  
  85  8:48  Void Ray x2  
  97  8:52  Void Ray  
  101  9:01  Pylon  
  101  9:04  Pylon  
  101  9:10  Robotics Bay  
  101  9:27  Probe  
  102  9:39  Probe  
  103  9:48  Tempest  
  103  9:49  Tempest x3  
  103  9:52  Probe  
  124  10:04  Probe  
  125  10:16  Probe  
Show
View Real Time Build Order
Export as new Build Order

RadaRada Protoss 

Build Orders:  

Get SALT Encoding   

  12  0:01  Probe (Chrono Boost)  
  13  0:16  Probe (Chrono Boost)  
  13  0:18  Pylon  
  15  0:28  Probe  
  15  0:41  Gateway  
  15  0:42  Probe  
  16  0:54  Probe  
  17  1:02  Forge  
  17  1:06  Assimilator  
  17  1:07  Probe (Chrono Boost)  
  18  1:17  Probe (Chrono Boost)  
  19  1:22  Probe (Chrono Boost)  
  20  1:30  Zealot  
  22  1:39  Probe  
  23  1:40  Cybernetics Core  
  23  1:45  Assimilator  
  23  1:56  Gateway  
  23  2:03  Pylon  
  23  2:08  Pylon  
  23  2:21  Probe, Zealot  
  26  2:32  Warp Gate (Chrono Boost)  
  26  2:35  Pylon  
  26  2:37  Pylon  
  26  2:40  Gateway  
  26  2:45  Zealot  
  28  3:06  Gateway  
  28  3:07  Gateway  
  28  3:09  Protoss Ground Weapons Level 1  
  28  3:28  Stalker x2  
  32  3:35  Stalker  
  34  4:22  Stalker x2  
  34  4:23  Stalker x3  
  44  5:04  Assimilator  
  44  5:08  Assimilator  
  44  5:10  Nexus  
  44  5:12  Stalker x2  
  48  5:16  Stalker  
  50  5:42  Stalker x2  
  52  5:45  Protoss Ground Armor Level 1 (Chrono Boost)  
  54  5:57  Pylon  
  54  6:00  Pylon  
  54  6:31  Probe (Chrono Boost)  
  55  6:38  Probe  
  56  6:46  Gateway, Probe  
  57  6:49  Gateway  
  57  6:50  Probe  
  57  6:52  Gateway  
  58  7:02  Probe  
  59  7:14  Probe  
  60  7:20  Twilight Council  
  60  7:37  Pylon  
  60  7:41  Pylon  
  60  7:47  Pylon  
  60  7:50  Pylon, Protoss Shields Level 1 (Chrono Boost)  
  60  7:54  Pylon  
  60  7:59  Forge  
  60  8:02  Forge  
  60  8:03  Dark Shrine  
  60  8:09  Probe (Chrono Boost)  
  61  8:16  Probe (Chrono Boost)  
  62  8:21  Probe (Chrono Boost)  
  63  8:28  Nexus  
  63  8:30  Assimilator  
  63  8:33  Probe  
  54  8:35  Assimilator  
  52  8:45  Probe  
  51  9:07  Probe (Chrono Boost)  
  52  9:44  Probe (Chrono Boost)  
  53  9:54  Probe (Chrono Boost)  
  53  9:59  Probe (Chrono Boost)  
  55  10:10  Probe  
  56  10:22  Probe  
Show
View Real Time Build Order
Export as new Build Order

Ilemus Protoss 

Build Orders:  

Get SALT Encoding   

  12  0:08  Probe  
  13  0:20  Probe  
  14  0:30  Pylon  
  14  0:37  Probe  
  15  0:44  Assimilator  
  15  0:49  Probe (Chrono Boost)  
  16  0:51  Assimilator  
  16  1:01  Probe (Chrono Boost)  
  17  1:06  Probe (Chrono Boost)  
  17  1:07  Gateway  
  18  1:15  Probe (Chrono Boost)  
  19  1:27  Probe (Chrono Boost)  
  20  1:34  Probe (Chrono Boost)  
  21  1:41  Probe  
  22  1:50  Pylon  
  22  1:53  Probe  
  23  1:56  Pylon  
  23  2:02  Forge  
  23  2:13  Cybernetics Core  
  23  2:16  Zealot  
  25  2:43  Zealot  
  27  3:00  Stargate  
  27  3:03  Warp Gate  
  27  3:10  Zealot  
  29  3:17  Cybernetics Core  
  29  3:32  Stargate  
  29  3:40  Stargate  
  29  3:44  Nexus  
  29  4:12  Protoss Air Weapons Level 1  
  29  4:30  Assimilator  
  29  4:35  Assimilator  
  29  4:40  Void Ray  
  33  4:47  Void Ray  
  37  4:57  Protoss Air Armor Level 1  
  35  5:40  Probe  
  36  5:50  Void Ray x2  
  36  5:52  Probe  
  45  6:00  Pylon  
  45  6:04  Probe  
  46  6:09  Void Ray  
  50  6:16  Probe  
  51  6:28  Probe  
  52  6:45  Void Ray  
  55  7:13  Void Ray  
  59  7:20  Probe (Chrono Boost)  
  61  7:30  Probe (Chrono Boost)  
  61  7:35  Probe (Chrono Boost)  
  61  7:42  Pylon  
  62  7:48  Pylon  
  62  7:51  Fleet Beacon  
  62  8:00  Void Ray  
  66  8:07  Probe (Chrono Boost)  
  67  8:23  Void Ray (Chrono Boost)  
  71  8:31  Pylon  
  60  9:17  Void Ray  
Tags
 
Add a new tag
Caveats
  • Supply blocks, unpowered buildings, or Contaminate may cause inaccurate times.
  • Supply counts are checked every 10 seconds.